 Dungeon Crawl Stone Soup version 0.28.0-53-g5a82cb258f (webtiles) character file.

Game seed: 6011177366491232988

3 Descartes the Ducker (level 1, 0/7 HPs)
             Began as a Felid Wanderer on June 14, 2022.
             Slain by a kobold
             ... wielding a +0 dagger
              (3 damage)
             ... on level 1 of the Dungeon.
             The game lasted 00:00:29 (218 turns).

Descartes the Ducker (Felid Wanderer)                Turns: 218, Time: 00:00:29

Health: 0/7        AC:  1    Str:  5    XL:     1   Next: 41%
Magic:  7/7        EV: 21    Int: 14    God:
Gold:   12         SH:  0    Dex: 17    Spells: 9/10 levels left
                                        Lives:  0   Deaths: 0

rFire   . . .      SeeInvis +   (weapon unavailable)
rCold   . . .      Faith    .   (shield unavailable)
rNeg    . . .      Spirit   .   (armour unavailable)
rPois   .          Reflect  .   (helmet unavailable)
rElec   .          Harm     .   (cloak unavailable)
rCorr   .          Rampage  .   (gloves unavailable)
Will    .....                   (boots unavailable)
Stlth   ++........              (no amulet)
HPRegen 0.02/turn               (no ring)
MPRegen 0.10/turn               (no ring)

@: quick
A: very small, claws 1, fangs 3, see invisible, speed 1, shaggy fur 1, stealthy
paws, no weapons or thrown items, no armour, multi-lived
a: no special abilities


You were on level 1 of the Dungeon.
You visited 1 branch of the dungeon, and saw 1 of its levels.

You collected 12 gold pieces.

Inventory:

Scrolls
 a - a scroll of vulnerability
 b - a scroll of noise {unknown}


   Skills:
 + Level 6.7 Dodging
 + Level 0.3 Unarmed Combat
 - Level 5.0 Spellcasting
 + Level 0.4 Translocations


You had 9 spell levels left.
You knew the following spells:

 Your Spells              Type           Power      Damage    Failure   Level
a - Apportation           Tloc           8%         N/A       16%         1

Your spell library contained the following spells:

 Spells                   Type           Power      Damage    Failure   Level
 Gell's Gravitas          Tloc           4%         N/A       41%         3


Dungeon Overview and Level Annotations

Branches:
Dungeon (1/15)

Altars:


Innate Abilities, Weirdness & Mutations

You have sharp claws.
You have razor-sharp teeth.
You have supernaturally acute eyesight. (SInv)
You cover ground quickly. (Speed+)
You are covered in fur. (AC +1)
Your paws help you pounce on unaware monsters.
You are incapable of wielding weapons or throwing items.
You cannot wear armour.
You gain extra lives every three experience levels.


Message History

The ball python hisses angrily.
The kobold throws a stone.
The stone closely misses you.
Found a red potion.
The ball python misses you. The ball python closely misses you.
You scratch the ball python but do no damage.
The kobold misses you. The ball python completely misses you.
The ball python grabs you. The ball python constricts you.
You scratch the ball python but do no damage.
The kobold misses you. The ball python completely misses you.
The ball python constricts you.
You barely miss the ball python. The ball python bites you.
The ball python constricts you. The kobold barely misses you.
You are too injured to fight recklessly!
You are too injured to fight recklessly!
You are too injured to fight recklessly!
You are too injured to fight recklessly!
You are too injured to fight recklessly!
You are too injured to fight recklessly!
You are too injured to fight recklessly!
You are too injured to fight recklessly!
You are too injured to fight recklessly!
You are too injured to fight recklessly!
You are too injured to fight recklessly!
You are too injured to fight recklessly!
You escape the ball python's grasp.
The kobold throws a stone.
The stone completely misses you.
You scratch the ball python but do no damage.
You bite the ball python, but do no damage.
The ball python closely misses you. The ball python misses you.
You closely miss the ball python.
The ball python completely misses you. x2
You closely miss the ball python. The ball python closely misses you.
The ball python completely misses you.
You scratch the ball python.
The ball python is severely wounded.
The ball python closely misses you. The ball python misses you.
Unknown command.
You scratch the ball python.
You kill the ball python!
The kobold hits you with a +0 dagger.
You die...

#......# #......#
#.###### #.# #.#
#.# #.# #K# #@#
#.# #..... #.#
#..... #.# #.....
#.##### ####.....
#.....####........
#.................
#............†....
#....#....#.......


You could see a kobold.

Vanquished Creatures
  2 ball pythons (D:1)
  A hobgoblin (D:1)
3 creatures vanquished.

Notes
Turn   | Place    | Note
-------+----------+-------------------------------------------
     0 | D:1      | Descartes the Felid Wanderer began the quest for the Orb.
     0 | D:1      | Descartes set off with the following items: a scroll of
                  | vulnerability; and the following spell memorised:
                  | Apportation; and the following spells available to
                  | memorise: Gell's Gravitas
     0 | D:1      | Reached XP level 1. HP: 7/7 MP: 7/7
   218 | D:1      | Slain by a kobold

Illustrated notes

Levels and vault maps discovered:
D:1:      lightli_iron_boxes, layout_basic,
          shapermc_ecumenical_altar_starsandcircs, skrybe_limestone_x,
          kennysheep_minor_cross, st_stairs_12

Action                   || total
-------------------------++-------
Melee: Unarmed           ||    22
       Bite              ||     1
 Stab: Sleeping          ||     1
Dodge: Dodged            ||    33
